Map: [ESL] Data-C

Players

DnS

  • Race: Protoss Protoss
  • Spawn Location: 3:00

ShoWTimE - Winner!

  • Race: Protoss Protoss
  • Spawn Location: 9:00

Event: DreamHack SC2 Masters 2022 Atlanta (Online)

VOD

Have the link to the VOD?

Description

Time

  • Played on: Oct. 4, 2022, 10:47 a.m.
  • Length: 6:56

All games in this series

Show
View Real Time Build Order
Export as new Build Order

DnS Protoss 

Build Orders: Oracle Opening 

Get SALT Encoding   

  12  0:00  Probe  
  13  0:12  Probe  
  14  0:17  Pylon  
  14  0:24  Probe (Chrono Boost)  
  15  0:36  Probe (Chrono Boost)  
  15  0:38  Gateway  
  16  0:44  Probe (Chrono Boost)  
  16  0:47  Assimilator  
  17  0:51  Probe  
  18  1:03  Probe  
  19  1:15  Probe (Chrono Boost)  
  20  1:19  Pylon  
  20  1:21  Assimilator  
  20  1:27  Probe (Chrono Boost), Cybernetics Core  
  21  1:34  Probe (Chrono Boost)  
  21  1:39  Zealot  
  24  1:41  Probe  
  25  1:58  Probe  
  25  2:10  Probe  
  25  2:11  Stargate  
  25  2:12  Stalker (Chrono Boost)  
  28  2:27  Nexus  
  28  2:29  Probe  
  29  2:43  Pylon  
  29  2:44  Probe  
  30  2:52  Shield Battery  
  30  2:59  Oracle (Chrono Boost)  
  30  3:02  Warp Gate  
  30  3:04  Probe  
  34  3:12  Shield Battery  
  34  3:15  Stalker  
  34  3:16  Probe  
  37  3:29  Probe  
  37  3:31  Shield Battery  
  38  3:41  Probe  
  39  3:45  Probe  
  40  3:53  Twilight Council  
  40  3:54  Probe (Chrono Boost)  
  41  3:56  Gateway  
  41  3:57  Probe (Chrono Boost)  
  41  4:09  Probe (Chrono Boost)  
  43  4:11  Probe (Chrono Boost)  
  43  4:14  Probe (Chrono Boost)  
  44  4:17  Probe (Chrono Boost)  
  44  4:20  Blink (Chrono Boost)  
  44  4:21  Gateway  
  44  4:23  Probe  
  46  4:29  Probe  
  47  4:34  Pylon  
  47  4:35  Probe  
  48  4:45  Nexus  
  45  4:46  Probe  
  45  4:47  Probe  
  45  4:50  Pylon  
  47  4:54  Stalker  
  47  4:56  Stalker  
  51  5:00  Probe  
  51  5:04  Pylon  
  51  5:13  Probe x2  
  52  5:16  Assimilator  
  52  5:18  Stalker  
  52  5:19  Stalker  
  56  5:25  Probe, Stalker  
  56  5:26  Probe  
  59  5:30  Robotics Facility  
  58  5:37  Probe  
  58  5:38  Probe  
  60  5:46  Pylon  
  60  5:48  Stalker x2  
  65  5:50  Probe (Chrono Boost), Stalker  
  65  5:51  Probe (Chrono Boost)  
  65  5:57  Probe (Chrono Boost)  
  69  6:03  Probe (Chrono Boost)  
  71  6:06  Probe x2 (Chrono Boost)  
  71  6:09  Probe (Chrono Boost)  
  73  6:13  Stalker x3  
  73  6:16  Pylon  
  80  6:20  Pylon  
  76  6:38  Pylon  
  74  6:42  Robotics Facility  
Show
View Real Time Build Order
Export as new Build Order

ShoWTimE Protoss - Winner!

Build Orders: Phoenix Opening 

Get SALT Encoding   

  12  0:00  Probe  
  13  0:12  Probe  
  14  0:18  Pylon  
  14  0:24  Probe (Chrono Boost)  
  15  0:36  Probe (Chrono Boost)  
  15  0:38  Gateway  
  16  0:45  Probe (Chrono Boost)  
  16  0:46  Assimilator  
  17  0:50  Probe  
  18  1:03  Probe  
  19  1:08  Assimilator  
  19  1:09  Pylon  
  19  1:15  Probe (Chrono Boost)  
  21  1:25  Cybernetics Core  
  21  1:26  Probe (Chrono Boost)  
  21  1:31  Probe (Chrono Boost)  
  21  1:33  Zealot  
  24  1:41  Probe  
  25  1:54  Probe  
  26  2:01  Stargate  
  26  2:02  Adept  
  28  2:27  Nexus  
  28  2:34  Pylon  
  28  2:36  Probe  
  28  2:44  Phoenix (Chrono Boost)  
  28  2:49  Probe  
  31  3:01  Phoenix (Chrono Boost), Probe  
  34  3:10  Assimilator  
  34  3:13  Probe  
  35  3:21  Phoenix (Chrono Boost)  
  35  3:25  Warp Gate, Probe  
  38  3:37  Probe  
  38  3:39  Probe  
  40  3:45  Gateway  
  40  3:49  Probe  
  40  3:52  Probe  
  40  3:54  Twilight Council  
  42  4:01  Probe  
  43  4:04  Probe  
  43  4:06  Shield Battery  
  44  4:13  Probe  
  44  4:15  Gateway  
  44  4:16  Probe  
  46  4:25  Probe  
  46  4:28  Probe  
  46  4:31  Dark Shrine  
  48  4:36  Pylon  
  48  4:38  Probe  
  49  4:40  Probe  
  50  4:50  Shield Battery, Probe  
  50  4:52  Probe  
  52  4:53  Assimilator  
  52  4:55  Pylon  
  52  5:02  Probe, Blink (Chrono Boost)  
  52  5:03  Pylon  
  52  5:04  Gateway, Probe  
  54  5:15  Probe, Stalker  
  54  5:19  Stalker  
  59  5:24  Stalker  
  61  5:40  Nexus  
  61  5:45  Dark Templar  
  61  5:46  Dark Templar  
  65  5:52  Dark Templar  
  65  5:55  Probe x2  
  69  6:07  Probe, Stalker  
  69  6:08  Probe  
  69  6:18  Stalker, Pylon  
  71  6:20  Probe x2  
  71  6:25  Stalker x2  
  77  6:30  Pylon  
  77  6:32  Probe  
  78  6:36  Probe  
  78  6:39  Dark Templar  
  81  6:45  Pylon  
Tags
 
Add a new tag
Caveats
  • Supply blocks, unpowered buildings, or Contaminate may cause inaccurate times.
  • Supply counts are checked every 10 seconds.